 Dungeon Crawl Stone Soup version 0.30-a0-808-g6e0788376e (webtiles) character file.

Game seed: 6182878154648836030

1315 Demosthentine the Trooper (level 8, -1/59 (63) HPs)
             Began as a Demonspawn Gladiator on Feb 26, 2023.
             Slain by a wight
             ... wielding a +3 war axe
              (7 damage)
             ... on level 6 of the Dungeon.
             The game lasted 00:05:45 (4877 turns).

Demosthentine the Trooper (Demonspawn Gladiator)    Turns: 4877, Time: 00:05:46

HP:   -1/59 (63)    AC: 10    Str: 14    XL:     8   Next: 33%
MP:   8/8           EV: 14    Int: 11    God:
Gold: 242           SH:  0    Dex: 16    Spells: 7/7 levels left

rFire   . . .      SeeInvis .    a - +0 trident (elec)
rCold   + . .      Faith    .    (no shield)
rNeg    . . .      Spirit   .    b - +0 leather armour
rPois   .          Reflect  .    (helmet restricted)
rElec   .          Harm     .    (no cloak)
rCorr   .          Rampage  .    (no gloves)
Will    .....                    p - +0 pair of boots
Stlth   +                        (no amulet)
HPRegen 0.29/turn                o - ring of protection from cold
MPRegen 0.11/turn                x - +4 ring of protection

@: drained
A: antennae 1, sharp scales 2
a: no special abilities


You were on level 6 of the Dungeon.
You visited 1 branch of the dungeon, and saw 6 of its levels.
You also visited: Ossuary.

You collected 242 gold pieces.

Inventory:

Hand Weapons
 a - a +0 trident of electrocution (weapon)
Missiles
 d - 3 throwing nets (quivered)
 e - a javelin
Armour
 b - a +0 leather armour (worn)
 p - a +0 pair of boots (worn)
Jewellery
 o - a ring of protection from cold (left hand)
 x - a +4 ring of protection (right hand)
Wands
 h - a wand of roots (5)
Scrolls
 c - 3 scrolls of blinking
 l - a scroll of amnesia
 q - a scroll of poison
 t - a scroll of magic mapping
 w - a scroll of teleportation
Potions
 f - 5 potions of curing
 g - a potion of invisibility
 i - a potion of ambrosia
 j - 3 potions of brilliance
 k - 2 potions of flight
 m - 2 potions of attraction
 s - a potion of heal wounds {unknown}
 z - a potion of resistance {unknown}


   Skills:
 + Level 5.4 Fighting
 + Level 5.3 Polearms
 - Level 1.7 Throwing
 + Level 4.4 Armour
 + Level 5.3 Dodging


You had 7 spell levels left.
You didn't know any spells.
Your spell library was empty.

Dungeon Overview and Level Annotations

Branches:
Dungeon (6/15)            Ossuary (visited)
 Temple: D:4-7

Altars:
Ru

Shops:
D:4 (


Innate Abilities, Weirdness & Mutations

You have a pair of small antennae on your head.
You are mostly covered in razor-sharp scales. (AC +2, Slay +2)


Message History

The wight is heavily damaged.
The wight hits you with a +0 short sword.
You feel drained.
You hit the wight. Lightning courses through the wight!
You destroy the wight!
Your life force feels restored.
You closely miss the wight. The wight hits you with a +3 war axe!
You hit the wight.
The wight is moderately damaged.
The wight barely misses you.
You hit the wight.
The wight is heavily damaged.
The wight barely misses you.
You hit the wight but do no damage.
The wight is heavily damaged.
The wight hits you but does no damage.
You hit the wight but do no damage.
The wight is heavily damaged.
An adder comes into view.
The wight hits you with a +3 war axe.
You feel drained.
The adder hisses angrily.
You hit the wight.
The wight is severely damaged.
The wight hits you with a +3 war axe.
* * * LOW HITPOINT WARNING * * *
You feel drained.
* * * LOW HITPOINT WARNING * * *
The wight barely misses you.
You hit the wight.
The wight is almost destroyed.
The wight hits you with a +3 war axe!
* * * LOW HITPOINT WARNING * * *
Throw: 4 throwing nets
Press: ? - help, Q - select action, (/) - cycle Shift-Dir - straight line, f - wight
Aim: a wight, wielding a +3 war axe and wearing a +0 robe (almost destroyed, 64% to hit)
You throw a throwing net.
The throwing net barely misses the wight.
The throwing net barely misses the adder.
The wight hits you with a +3 war axe!
You die...

####### #. #.# #.# #.....#
..####.###.#######.###.##
........................#
..............###.###..#
.....###.###.# #.# #..#
#....$.# #.# #.# #..#
#..†...###.###.###..#####
#(.†.S.z@................
#......###...............
............#.########.#####
..##.....)##.#.# #.#
##....## .#.# #.#
##..###..#.# #.#
#####...#.###### #.# .
#...........###.##### #.
#....................


You could see a wight and an adder.

Vanquished Creatures
  2 sky beasts (D:6)
  An ice beast (D:5)
  A phantom (D:3)
  A scorpion (D:4)
  3 wights (D:6)
  2 howler monkeys
  2 human zombies (Ossuary)
  A hound (D:6)
  A jelly (D:5)
  A centaur zombie (Ossuary)
  Ijyb (D:4)
  2 iguanas (D:5)
  4 ogre zombies (Ossuary)
  8 mummies
  Robin (D:5)
  8 adders
  A white imp (D:5)
  8 adder zombies (Ossuary)
  4 worms
  3 dart slugs
  10 orcs
  9 ball pythons
  13 endoplasms
  3 giant cockroaches
  A gnoll zombie (Ossuary)
  17 goblins
  7 hobgoblins
  3 jackals (D:2)
  A quokka (D:3)
  6 bats
  3 frilled lizards (D:2)
  2 goblin zombies (Ossuary)
  A hobgoblin zombie (Ossuary)
  10 kobolds
  6 kobold zombies
  3 orc zombies
  2 quokka zombies (Ossuary)
  10 rats
  2 rat zombies (Ossuary)
164 creatures vanquished.

Vanquished Creatures (others)
  5 toadstools (D:1)
5 creatures vanquished.

Grand Total: 169 creatures vanquished

Notes
Turn   | Place    | Note
-------+----------+-------------------------------------------
     0 | D:1      | Demosthentine the Demonspawn Gladiator began the quest for
                  | the Orb.
     0 | D:1      | Reached XP level 1. HP: 16/16 MP: 1/1
   172 | D:1      | Gained mutation: You are partially covered in razor-sharp
                  | scales. (AC +1, Slay +1) [demonic ancestry]
   172 | D:1      | Reached XP level 2. HP: 16/22 MP: 2/2
   288 | D:1      | Found a faded altar of an unknown god.
   632 | D:2      | Reached skill level 1 in Armour
   632 | D:2      | Reached XP level 3. HP: 17/28 MP: 3/3
   855 | D:2      | Identified the +0 scale mail of Resourcefulness {rElec
                  | Str+3}
   959 | D:2      | Gained mutation: You are mostly covered in razor-sharp
                  | scales. (AC +2, Slay +2) [demonic ancestry]
   959 | D:2      | Reached XP level 4. HP: 20/34 MP: 4/4
  1850 | D:3      | Gained mutation: You have a pair of small antennae on your
                  | head. [demonic ancestry]
  1850 | D:3      | Reached XP level 5. HP: 41/41 MP: 5/5
  2757 | D:4      | Noticed Ijyb
  2758 | D:4      | Found Ysubemn's Antique Weapon Shoppe.
  2761 | D:4      | Noticed a phantom
  2766 | D:4      | Killed Ijyb
  2798 | D:3      | Killed a phantom
  2799 | D:3      | Reached XP level 6. HP: 19/47 MP: 6/6
  3024 | D:4      | Found a sacrificial altar of Ru.
  3025 | D:4      | Identified the +1 ring mail of Haduudghoog {Will+ Int+2
                  | Dex-2}
  3247 | D:5      | Entered Level 5 of the Dungeon
  3270 | D:5      | Found a sand-covered staircase.
  3363 | Ossuary  | Entered an ossuary
  3504 | Ossuary  | Reached XP level 7. HP: 50/54 MP: 7/7
  3980 | D:5      | Noticed Robin
  3988 | D:5      | Killed Robin
  4513 | D:6      | Reached skill level 5 in Fighting
  4513 | D:6      | Reached skill level 5 in Polearms
  4513 | D:6      | Reached skill level 5 in Dodging
  4513 | D:6      | Reached XP level 8. HP: 20/59 MP: 8/8
  4877 | D:6      | Slain by a wight

Illustrated notes

Levels and vault maps discovered:
D:1:      ldierk_walled_garden, layout_basic, ebering_ecumenical_altar_rust
D:2:      minmay_razor_zed, layout_basic
D:3:      layout_basic
D:4:      layout_rooms, nicolae_ru_sacrificial_ziggurat, serial_shops, shop,
          uniq_ijyb
D:5:      layout_basic, nicolae_ossuary_entry_giza, nicolae_goblin_pals
D:6:      layout_basic, amethyst_overflow_temple_binary,
          minmay_temple_entry_tees, minivault_19, kennysheep_decorative_pillar

Skill      XL: |  1  2  3  4  5  6  7 |
---------------+----------------------+-----
Dodging        | 3 4 5 |  5.3
Polearms       | 3 4 5 |  5.3
Armour         | 1 2 3 4 |  4.4
Fighting       | 3 4 5 |  5.4
Throwing       | |  1.7

Action                     |  1- 3 |  4- 6 |  7- 9 || total
---------------------------+-------+-------+-------++-------
  Melee: Trident           |   101 |   210 |   196 ||   507
         Punch             |       |     3 |     1 ||     4
  Throw: Throwing net      |       |       |     1 ||     1
    Use: Scroll            |     4 |     9 |     4 ||    17
         Potion            |       |     1 |     2 ||     3
   Stab: Sleeping          |     1 |     4 |     7 ||    12
 Armour: Leather armour    |    22 |    51 |    41 ||   114
  Dodge: Dodged            |    44 |    89 |    89 ||   222

Table legend: (Time is in decaauts)
 A = Elapsed time spent in this place.
 B = Non-inter-level travel time spent in this place.
 C = Inter-level travel time spent in this place.
 D = Time resting spent in this place.
 E = Time spent auto-exploring this place.
 F = Levels seen in this place.
 G = Mean time per level.
                   A        B        C        D        E       F      G
               +--------+--------+--------+--------+--------+-----+--------+
         Total |   4930 |   4747 |    183 |    466 |   3205 |   7 |  704.3 |
       Dungeon |   4425 |   4242 |    183 |    466 |   2941 |   6 |  737.5 |
       Ossuary |    504 |    504 |      0 |      0 |    264 |   1 |  504.0 |
               +--------+--------+--------+--------+--------+-----+--------+

Top non-repeatable levels by time:
     D:2: 1336 daAuts
     D:3: 807 daAuts
     D:5: 714 daAuts
     D:4: 603 daAuts
     D:1: 536 daAuts
 Ossuary: 504 daAuts
     D:6: 426 daAuts
